 Dungeon Crawl Stone Soup version 0.23-a0-151-gf6d1ed2 (webtiles) character file.

341 topirishpotato the Shield-Bearer (level 6, 0/38 HPs)
             Began as a Gargoyle Fighter on Sept 9, 2018.
             Slain by a small abomination (12 damage)
             ... on level 1 of the Abyss.
             The game lasted 00:07:50 (3285 turns).

topirishpotato the Shield-Bearer (Gargoyle Fighter) Turns: 3285, Time: 00:07:51

Health: 0/38       AC: 11    Str: 27    XL:     6   Next: 56%
Magic:  6/6        EV:  8    Int:  8    God:
Gold:   245        SH: 10    Dex:  9    Spells: 5/5 levels left

rFire    . . .     SeeInvis .   a - +2 flail
rCold    . . .     Gourm    .   c - +0 shield
rNeg     + . .     Faith    .   b - +0 scale mail
rPois    ∞         Spirit   .   (no helmet)
rElec    +         Reflect  .   (no cloak)
rCorr    .         Harm     .   (no gloves)
MR       +....                  (no boots)
Stlth    ..........             (no amulet)
HPRegen  0.12/turn              j - ring of protection from magic
MPRegen  0.10/turn              l - ring of wizardry

@: mighty
A: negative energy resistance 1, electricity resistance, unbreathing,
petrification resistance, rot immunity, AC +4
a: no special abilities


You were on level 1 of the Abyss.
You were hungry.

You visited 1 branch of the dungeon, and saw 4 of its levels.
You visited the Abyss 1 time.

You collected 245 gold pieces.

Inventory:

Hand Weapons
 a - a +2 flail (weapon)
Armour
 b - a +0 scale mail (worn)
 c - a +0 shield (worn)
Jewellery
 j - a ring of protection from magic (left hand)
 l - a ring of wizardry (right hand)
 m - a +2 ring of dexterity {unknown}
Scrolls
 e - 2 scrolls of remove curse
 g - 2 scrolls of magic mapping
 k - a scroll of random uselessness
Potions
 d - 2 potions of might
 n - a potion of agility
Comestibles
 f - 13 rations


   Skills:
 + Level 4.2 Fighting
 + Level 4.1 Maces & Flails
 + Level 4.5 Armour
 + Level 5.2 Shields


You had 5 spell levels left.
You didn't know any spells.
Your spell library was empty.

Dungeon Overview and Level Annotations

Branches:
Dungeon (4/15)             Temple (0/1) D:4

Altars:
Kikubaaqudgha
Qazlal

Annotations:
D:4 Crazy Yiuf


Innate Abilities, Weirdness & Mutations

You are resistant to torment.
Your stone body is resilient. (AC +4)
You are immune to poison.
You resist negative energy. (rN+)
You are resistant to electric shocks. (rElec)
You can survive without breathing.
You are immune to petrification.
You are immune to rotting.


Message History

Moving in this stuff is going to be slow.
e - 2 scrolls of remove curse (gained 1)
A small abomination comes into view.
Found 23 gold pieces.
Okay, then.
Found a flail.
A small abomination comes into view.
The small abomination hits you!!
You block the small abomination's attack.
The small abomination hits you.
Found a plate armour.
You block the small abomination's attack.
Okay, then.
You closely miss the small abomination. The small abomination hits you.
A wretched star comes into view.
You block the small abomination's attack.
You feel very mighty all of a sudden.
The small abomination hits you but does no damage.
The small abomination hits you!
You die...

#[ ## #..
# # #.
###......#
#.##.. .
.#.# #
#..#...
... #
...####
..#
###.##*...
.# #....#
..# #.#x##
#. #.#@#
#...#x##
.......###
#..#...#
..§X#..
..§#.. #..
#.. #. ..#
#.


You could see a wretched star and 2 small abominations.

Vanquished Creatures
  The ghost of rgaf the Cudgeler, an amateur GrCK of Xom (D:4)
  A centaur (D:3)
  An iguana (D:2)
  6 adders
  An ooze (D:3)
  An adder zombie (D:4)
  A worm (D:3)
  A dart slug (D:2)
  A leopard gecko (D:4)
  9 bats
  A giant cockroach (D:3)
  9 hobgoblins
  2 jackals (D:3)
  A ball python (D:3)
  3 frilled lizards
  5 goblins
  A jackal skeleton (D:4)
  6 kobolds
  13 rats
64 creatures vanquished.

Notes
Turn   | Place    | Note
-------+----------+-------------------------------------------
     0 | D:1      | topirishpotato the Gargoyle Fighter began the quest for the
                  | Orb.
     0 | D:1      | Reached XP level 1. HP: 14/14 MP: 1/1
   340 | D:1      | Reached XP level 2. HP: 17/19 MP: 2/2
  1087 | D:2      | Reached XP level 3. HP: 16/23 MP: 3/3
  1201 | D:2      | HP: 1/23 [iguana (2)]
  1210 | D:2      | Reached skill level 4 in Shields
  1566 | D:2      | Reached XP level 4. HP: 25/29 MP: 4/4
  2059 | D:3      | Reached XP level 5. HP: 33/33 MP: 5/5
  2245 | D:3      | Found an ancient bone altar of Kikubaaqudgha.
  2324 | D:3      | Found a stormy altar of Qazlal.
  2428 | D:3      | Noticed a centaur
  2440 | D:3      | Killed a centaur
  2768 | D:4      | Found a staircase to the Ecumenical Temple.
  2785 | D:4      | Found a runed gate.
  2785 | D:4      | Found a runed gate.
  2785 | D:4      | Found a runed gate.
  2863 | D:4      | Noticed rgaf's ghost (amateur GrCK)
  2879 | D:4      | Reached XP level 6. HP: 34/38 MP: 6/6
  2890 | D:4      | Killed rgaf's ghost
  2890 | D:4      | Reached skill level 5 in Shields
  3038 | D:4      | Found a runed door.
  3207 | D:4      | Noticed Crazy Yiuf
  3210 | D:4      | Cast into level 1 of the Abyss (Crazy Yiuf)
  3247 | Abyss:1  | Noticed a small abomination
  3264 | Abyss:1  | Noticed a small abomination
  3280 | Abyss:1  | Noticed a starcursed mass
  3284 | Abyss:1  | Noticed a wretched star
  3285 | Abyss:1  | Slain by a small abomination

Vault maps used:
D:1:      scummos_arrival_hexagon
D:2:      first_ration
D:3:      kiku_gazebo_pond_becter, grunt_qazlal_clouds
D:4:      minmay_temple_entry_grid, gammafunk_ghost_necromancy, minivault_23,
          uniq_natasha, uniq_ijyb, uniq_crazy_yiuf_cottage

Skill      XL: |  1  2  3  4  5  6 |
---------------+-------------------+-----
Shields        | 4 5 |  5.2
Armour         | 4 |  4.5
Maces & Flails | 3 4 |  4.1
Fighting       | 4 |  4.2

Action                   |  1- 3 |  4- 6 || total
-------------------------+-------+-------++-------
Melee: Flail             |    23 |   172 ||   195
       Whip              |   140 |    21 ||   161
  Use: Potion            |     1 |     5 ||     6
       Scroll            |       |    11 ||    11
  Eat: Ration            |     1 |       ||     1
       Chunk             |       |     4 ||     4
Armor: Scale mail        |    76 |   143 ||   219
Dodge: Dodged            |    45 |    74 ||   119
Block: Shield            |    93 |   106 ||   199

Table legend:
 A = Non-vault XP
 B = Vault XP
 C = Vault XP percentage of total XP
 D = Non-vault monster count
 E = Vault monster count
 F = Vault count percentage of total count
                 A         B        C        D         E       F
            +---------+---------+-------+---------+---------+-------
      Total |     316 |     172 |  35.2 |      61 |       3 |   4.7
            +---------+---------+-------+---------+---------+-------
        D:1 |      13 |       0 |   0.0 |      11 |       0 |   0.0
        D:2 |     129 |       0 |   0.0 |      27 |       0 |   0.0
        D:3 |     171 |       0 |   0.0 |      22 |       0 |   0.0
        D:4 |       3 |     172 |  98.3 |       1 |       3 |  75.0
            +---------+---------+-------+---------+---------+-------
